 Dungeon Crawl Stone Soup version 0.18.1-1-g2f07953 (webtiles) character file.

308 Korgoth the Skirmisher (level 6, -12/84 HPs)
             Began as a Minotaur Berserker on May 12, 2016.
             Was a Believer of Trog.
             Mangled by Duvessa
             ... wielding a +2 rapier of venom
              (14 damage)
             ... on level 4 of the Dungeon.
             The game lasted 00:21:17 (2824 turns).

Korgoth the Skirmisher (Minotaur Berserker)         Turns: 2824, Time: 00:21:18

Health: -12/84     AC: 23    Str: 23 (24) XL:     6   Next: 16%
Magic:  5/5        EV:  2    Int:  2 (4)  God:    Trog [**....]
Gold:   99         SH:  0    Dex:  6 (9)  Spells: 0 memorised, 5 levels left

rFire  . . .     SeeInvis +     a - +0 mace
rCold  . . .     Gourm    .     (armour currently unavailable)
rNeg   + + +     Faith    .     (no shield)
rPois  +         Spirit   .     (helmet currently unavailable)
rElec  .         Dismiss  .     (cloak currently unavailable)
rCorr  .         Reflect  .     (gloves currently unavailable)
SustAt .         Harm     .     (boots currently unavailable)
MR     .....     NoTele   +     (no amulet)
Stlth  +.........               (no ring)
                                s - ring of see invisible

@: lethally poisoned (-12 -> -45), tree-form, not resistant to hostile
enchantments, very unstealthy
A: (retaliatory headbutt), (horns 0)
a: Berserk, Trog's Hand, Burn Spellbooks, Renounce Religion


You were on level 4 of the Dungeon.
You worshipped Trog.
Trog was pleased with you.
You were not hungry.
You were a tree.
You visited 1 branch of the dungeon, and saw 4 of its levels.

You collected 99 gold pieces.

Inventory:

Hand Weapons
 a - a +0 mace (weapon)
 t - a +0 flail
 y - a +0 dagger of chaos
Missiles
 j - 29 arrows (quivered)
 B - 20 poisoned needles
Armour
 b - a +0 animal skin
 h - a +1 chain mail (melded)
Jewellery
 s - a ring of see invisible (left branch)
Wands
 i - a wand of acid (13/15)
 u - a wand of random effects (25/48)
 A - a wand of iceblast (12/15)
Scrolls
 d - a scroll of enchant armour
 k - a scroll of noise
 l - a scroll of magic mapping {unknown}
 m - 2 scrolls of amnesia {unknown}
 n - 4 scrolls of identify {unknown}
 o - a scroll of fog {unknown}
 p - a scroll of immolation {unknown}
 q - a scroll of remove curse {unknown}
 r - a scroll of fear {unknown}
Potions
 v - a potion of degeneration
Comestibles
 c - 2 bread rations
 g - a slice of pizza
 z - a meat ration
 C - 6 chunks of flesh


   Skills:
 + Level 5.6 Fighting
 + Level 4.6 Maces & Flails
 + Level 4.6 Armour
 + Level 3.6 Dodging
 + Level 0.6 Stealth


You had 5 spell levels left.
You didn't know any spells.

Dungeon Overview and Level Annotations

Branches:
Dungeon (4/15)
 Temple: D:4-7

Altars:
Xom

Annotations:
D:4 Duvessa


Innate Abilities, Weirdness & Mutations

((You reflexively headbutt those who attack you in melee.))
((You have a pair of horns on your head.))


Message History

The giant cockroach bites you but does no damage.
You barely miss Duvessa.
Duvessa is lightly wounded.
* * * LOW HITPOINT WARNING * * *
You feel very sick. Duvessa hits you but does no damage.
You are more poisoned.
The giant cockroach bites you but does no damage.
Duvessa hits you with a rapier of venom.
* * * LOW HITPOINT WARNING * * *
The giant cockroach barely misses you.
s - a ring of see invisible (left branch)
* * * LOW HITPOINT WARNING * * *
You feel sick.
As you read the scroll labeled ESAPPIOBUY, it crumbles to dust.
You feel a strange sense of stasis.
It was a scroll of teleportation.
* * * LOW HITPOINT WARNING * * *
You feel very sick.
Duvessa hits you with a rapier of venom!
You die...

#.........##
#.....#####
#.....# ##.....#
#########......#
##...#..[.......#
#..........)###.#
...........## ###
........s♣..##
........e....##
..............#
........###......
........#
##......
........#
##.......
......... .......
....##... ....###
...# #..# .e.##


You could see Duvessa (berserk) and a giant cockroach.

Vanquished Creatures
  Dowan (D:4)
  2 crimson imps (D:3)
  2 orc priests (D:3)
  Natasha (thrice) (D:3)
  An adder (D:2)
  2 worms (D:2)
  A dart slug (D:3)
  A giant gecko (D:4)
  2 orcs (D:3)
  4 bats (D:1)
  3 hobgoblins
  9 jackals
  2 quokkas
  2 giant newts
  3 goblins
  2 kobolds
  3 rats
43 creatures vanquished.

Notes
Turn   | Place    | Note
--------------------------------------------------------------
     0 | D:1      | Korgoth the Minotaur Berserker began the quest for the Orb.
     0 | D:1      | Reached XP level 1. HP: 19/19 MP: 0/0
   290 | D:1      | Reached XP level 2. HP: 23/27 MP: 1/1
   416 | D:1      | Reached skill level 4 in Fighting
   706 | D:2      | Reached XP level 3. HP: 33/33 MP: 2/2
  1094 | D:2      | Found a faded altar to an unknown god.
  1281 | D:2      | Reached ** piety under Trog
  1369 | D:3      | Noticed Natasha
  1377 | D:3      | Reached skill level 5 in Fighting
  1377 | D:3      | Reached XP level 4. HP: 13/42 MP: 3/3
  1395 | D:3      | Killed Natasha
  1579 | D:3      | Noticed Natasha
  1587 | D:3      | Killed Natasha
  1587 | D:3      | Reached XP level 5. HP: 40/48 MP: 4/4
  1701 | D:3      | Found a shimmering altar of Xom.
  1742 | D:3      | Noticed Natasha
  1867 | D:3      | Killed Natasha
  2624 | D:4      | Noticed Dowan
  2625 | D:4      | Noticed Duvessa
  2682 | D:4      | Killed Dowan
  2682 | D:4      | Reached XP level 6. HP: 34/56 MP: 5/5
  2824 | D:4      | HP: 2/84 [poisoned by Duvessa]
  2824 | D:4      | Mangled by Duvessa

Skill      XL: |  1  2  3  4  5 |
---------------+----------------+-----
Fighting       | 4 5 |  5.6
Maces & Flails | 4 |  4.6
Armour         | 3 4 |  4.6
Dodging        | 3 |  3.6
Stealth        | |  0.6

Action                   |  1- 3 |  4- 6 || total
-------------------------+-------+-------++-------
Melee: Mace              |    70 |    95 ||   165
       Headbutt          |    10 |    15 ||    25
  Use: Scroll            |     2 |     1 ||     3
       Potion            |     1 |     7 ||     8
  Eat: Meat ration       |     1 |       ||     1
       Chunk             |       |     1 ||     1
Armor: Chain mail        |    52 |    64 ||   116
       Animal skin       |     2 |       ||     2
       Skin              |       |     3 ||     3
Dodge: Dodged            |    42 |    54 ||    96
